 Dungeon Crawl Stone Soup version 0.21.0-8-gf18e19db4a (webtiles) character file.

32 Rrauwl the Grasshopper (level 3, -5/24 HPs)
             Began as a Halfling Warper on Jan 17, 2018.
             Splashed by a jelly's acid (9 damage)
             ... on level 1 of the Dungeon.
             The game lasted 00:03:38 (823 turns).

Rrauwl the Grasshopper (Halfling Warper)             Turns: 823, Time: 00:03:40

Health: -5/24      AC:  3    Str: 10 (12) XL:     3   Next: 42%
Magic:  6/6        EV: 19    Int:  9 (12) God:
Gold:   44         SH:  0    Dex: 16 (18) Spells: 4/6 levels left

rFire    . . .     SeeInvis .   a - +0 falchion
rCold    . . .     Gourm    .   (shield restricted)
rNeg     . . .     Faith    .   b - +0 leather armour
rPois    .         Spirit   .   (no helmet)
rElec    .         Reflect  .   (no cloak)
rCorr    .         Harm     .   (no gloves)
MR       .....                  (no boots)
Stlth    ++........             (no amulet)
HPRegen  0.08/turn              (no ring)
MPRegen  0.10/turn              (no ring)

@: agile
A: small, mutation resistance 1
a: no special abilities


You were on level 1 of the Dungeon.
You were not hungry.

You visited 1 branch of the dungeon, and saw 1 of its levels.

You collected 44 gold pieces.

Inventory:

Hand Weapons
 a - a +0 falchion (weapon)
Missiles
 e - 5 tomahawks of dispersal (quivered)
 i - 96 stones
 q - 5 tomahawks
Armour
 b - a +0 leather armour (worn)
Scrolls
 d - 2 scrolls of blinking
 g - a scroll of fear {unknown}
 j - 2 scrolls of teleportation {unknown}
 o - a scroll of fog {unknown}
 p - 2 scrolls of identify {unknown}
Potions
 h - a potion of agility
 k - 2 potions of brilliance {unknown}
 l - a potion of mutation {unknown}
 n - a potion of degeneration
Books
 c - a book of Spatial Translocations

   Spells                             Type                      Level
   a - Blink                          Translocation                2
   b - Shroud of Golubria             Charms/Translocation         2
   c - Lesser Beckoning               Translocation                3
   d - Gell's Gravitas                Translocation                3
   e - Teleport Other                 Translocation                3
   f - Passage of Golubria            Translocation                4
Comestibles
 f - 3 rations


   Skills:
 - Level 2.0 Fighting
 + Level 2.8 Long Blades
 - Level 1.0 Throwing
 - Level 1.1 Armour
 - Level 2.1 Dodging
 - Level 2.0 Spellcasting
 + Level 3.5 Translocations


You had 4 spell levels left.
You knew the following spells:

 Your Spells              Type           Power        Failure   Level  Hunger
a - Blink                 Tloc           N/A          16%         2    ###....


Dungeon Overview and Level Annotations

Branches:
Dungeon (1/15)

Altars:


Innate Abilities, Weirdness & Mutations

You are small and have problems with some larger weapons.
You are somewhat resistant to further mutation.


Message History

You hit the jackal.
You kill the jackal!
The jelly hits you.
You are splashed with acid!
The acid burns!
It was a potion of agility.
You feel agile all of a sudden. The jelly barely misses you.
You hit the jelly.
Your hands burn!
The jelly is moderately wounded.
The jelly closely misses you.
You hit the jelly.
Your hands burn!
* * * LOW HITPOINT WARNING * * *
The jelly is heavily wounded.
The jelly misses you.
It was a potion of degeneration.
There was something very wrong with that liquid.
You feel weakened.
You feel dopey.
You feel clumsy. The jelly hits you.
* * * LOW HITPOINT WARNING * * *
You are splashed with acid!
The acid burns!
You die...

...).....# #.# # ...###.### #.##
# #### #.# ######..########## #
#.# ##................. ##
###.#### #..###############.
.###......#####..#.............#.
#.##...##........#..hhrh.......#.
#.##.###########.#.srJhJh..... #.
#.##.# #@#######J#######.
.###.##### #J#..J..s.......#.
.........# #ss⌠....###....⌠+.
##.....#.# #.#J.....<......#.
##.#.#.#.# ##.#r.⌠...>...⌠..#.
.....#.#.######..###+#######'###.
.......................).........
.......#######.#####....#.####.#.
####.#########.#####..###.# #...


You could see a jelly, an ooze, 2 giant cockroaches and a rat.

Vanquished Creatures
  An ooze (D:1)
  A leopard gecko (D:1)
  A ball python (D:1)
  2 giant cockroaches (D:1)
  4 hobgoblins (D:1)
  5 jackals (D:1)
  3 kobolds (D:1)
  A bat (D:1)
  2 frilled lizards (D:1)
  2 goblins (D:1)
  2 rats (D:1)
24 creatures vanquished.

Notes
Turn   | Place    | Note
-------+----------+-------------------------------------------
     0 | D:1      | Rrauwl the Halfling Warper began the quest for the Orb.
     0 | D:1      | Reached XP level 1. HP: 14/14 MP: 3/3
     1 | D:1      | Found a runed door.
     2 | D:1      | Noticed a jelly
    54 | D:1      | Reached XP level 2. HP: 15/19 MP: 4/4
   316 | D:1      | Learned a level 2 spell: Blink
   567 | D:1      | Reached XP level 3. HP: 24/24 MP: 6/6
   823 | D:1      | Splashed by a jelly's acid

Skill      XL: |  1  2 |
---------------+-------+-----
Fighting       | 2 |  2.0
Spellcasting   | 2 |  2.0
Long Blades    | |  2.8
Throwing       | |  1.0
Armour         | |  1.1
Dodging        | |  2.1
Translocations | |  3.5

Action                   || total
-------------------------++-------
Melee: Falchion          ||    73
  Use: Potion            ||     2
Armor: Leather armour    ||    19
Dodge: Dodged            ||    67
       Rpst.: Falchion   ||    23
